 Dungeon Crawl Stone Soup version 0.22-a0-348-gd16d139 (webtiles) character file.

1477 sankara the Sneak (level 8, -5/48 HPs)
             Began as an Octopode Transmuter on Apr 10, 2018.
             Slain by a slime creature (16 damage)
             ... on level 4 of the Dungeon.
             The game lasted 00:26:49 (8584 turns).

sankara the Sneak (Octopode Transmuter)             Turns: 8584, Time: 00:26:50

Health: -5/48      AC:  2    Str: 11    XL:     8   Next: 78%
Magic:  9/11       EV: 20    Int: 18    God:
Gold:   251        SH:  0    Dex: 18    Spells: 5/11 levels left

rFire    + . .     SeeInvis +     - Unarmed
rCold    . . .     Gourm    +   (shield currently unavailable)
rNeg     . . .     Faith    .   (helmet currently unavailable)
rPois    x         Spirit   .   z - amulet of the gourmand {Gourm, !d}
rElec    .         Reflect  .   h - ring of protection from cold {rC+, !d}
rCorr    .         Harm     .   t - ring "Faqak" {Fire Int+3 SInv}
MR       .....                  (no ring)
Stlth    ++++......             (no ring)
HPRegen  0.16/turn              (no ring)
MPRegen  0.12/turn              (no ring)
                                (no ring)
                                (no ring)

@: spider-form
A: tiny, almost no armour, stealthy swim, (amphibious), 8 rings, (constrict 8)
a: End Transformation


You were on level 4 of the Dungeon.
You were very hungry.
You were a venomous arachnid creature.
You visited 1 branch of the dungeon, and saw 5 of its levels.
You also visited: Ossuary.

You collected 251 gold pieces.

Inventory:

Hand Weapons
 c - a +4 hunting sling
   (You took it off a kobold on level 3 of the Dungeon)
Missiles
 a - 99 arrows
Magical Staves
 b - an uncursed staff of poison (melded) {rPois}
   (You found it on level 4 of the Dungeon)
Jewellery
 h - a ring of protection from cold (left front leg) {rC+, !d}
   (You found it on level 2 of the Dungeon)
 t - the ring "Faqak" (right front leg) {Fire Int+3 SInv}
   (You found it in an ossuary)

   [ring of fire]

   It enhances your fire magic.
   It affects your intelligence (+3).
   It protects you from fire.
   It makes you vulnerable to cold.
   It lets you see invisible.
 z - an amulet of the gourmand (around neck) {Gourm, !d}
   (You found it on level 5 of the Dungeon)
Wands
 q - a wand of iceblast (11)
   (You found it on level 3 of the Dungeon)
Scrolls
 d - 10 scrolls of identify
 e - 2 scrolls of blinking {unknown}
 g - a scroll of fog {unknown}
 j - a scroll of enchant weapon {unknown}
 k - a scroll of fear {unknown}
 l - 4 scrolls of remove curse {unknown}
 n - 2 scrolls of magic mapping {unknown}
 o - 2 scrolls of teleportation {unknown}
 w - a scroll of enchant armour {unknown}
 y - a scroll of random uselessness {unknown}
Potions
 f - a potion of flight
 i - 3 potions of curing
 m - 3 potions of lignification {!q}
 p - a potion of brilliance
 r - 2 potions of heal wounds
 s - a potion of invisibility
 u - a potion of agility {unknown}
 x - a potion of degeneration {unknown}
Comestibles
 v - 5 rations


   Skills:
 - Level 1.0 Fighting
 - Level 2.0 Dodging
 + Level 7.7 Stealth
 + Level 6.2 Unarmed Combat
 - Level 2.0 Spellcasting
 + Level 5.8 Transmutations
 + Level 5.2 Poison Magic


You had 5 spell levels left.
You knew the following spells:

 Your Spells              Type           Power        Failure   Level  Hunger
a - Beastly Appendage     Tmut           ###...       7%          1    #......
b - Sticks to Snakes      Tmut           ###.....     10%         2    ###....
c - Spider Form           Tmut/Pois      ###.......   16%         3    ###....


Dungeon Overview and Level Annotations

Branches:
Dungeon (5/15)
 Temple: D:4-7

Altars:
Kikubaaqudgha

Annotations:
D:5 !centaur


Innate Abilities, Weirdness & Mutations

You cannot wear most types of armour.
You are very stealthy in the water. (Stealth+)
((You are amphibious.))
You can wear up to eight rings at the same time.
((You can use your tentacles to constrict eight enemies at once.))
((Your skin changes colour to match your surroundings (Stealth+).))
((Your rubbery body absorbs attacks. (AC +1, EV +1)))


Message History

You don't have enough magic to cast that spell.
There is an open gate here.
You see here a club.
Casting: Sticks to Snakes (safe; 2% risk of failure)
Confirm with . or Enter, or press ? or * to list all spells.
One of your tentacles grows a vicious spike.
You hit the jelly.
You kill the jelly!
You start resting.
Your transformation is almost over.
You start resting.
Your tentacle spike disappears.
You start resting.
HP restored.
Magic restored.
You see here a club.
There is an open gate here.
A slime creature comes into view.
The slime creature moves out of view.
A slime creature comes into view.
Casting: Beastly Appendage (safe; 1% risk of failure)
Confirm with . or Enter, or press ? or * to list all spells.
You create 2 snakes!
You now have 99 arrows.
The jelly quivers.
The slime creature quivers.
Casting: Sticks to Snakes (safe; 2% risk of failure)
Confirm with . or Enter, or press ? or * to list all spells.
You feel a surge of power!
You turn into a venomous arachnid creature.
Your uncursed staff of poison {rPois} melds into your body.
Your adder bites the jelly.
Your adder is burned by acid!
The jelly misses your adder.
Your adder bites the jelly.
The acid corrodes your adder!
Your adder is burned by acid!
The jelly closely misses your adder.
You swap places.
The jelly barely misses you.
You hit the jelly.
Your front legs burn!
The jelly is severely wounded.
You hit the slime creature.
The slime creature is poisoned.
The slime creature is lightly wounded.
You hit the slime creature.
The slime creature is lightly wounded.
The slime creature barely misses you.
You hit the slime creature but do no damage.
The slime creature is lightly wounded.
The slime creature hits you!!
You hit the slime creature.
The slime creature is lightly wounded.
The jelly jiggles.
The slime creature misses you.
You hit the slime creature but do no damage.
The slime creature is lightly wounded.
The slime creature hits you!
You swap places.
Your transformation is almost over.
Your adder bites the slime creature.
The slime creature completely misses your adder.
Your adder bites the slime creature.
The slime creature closely misses your adder.
Your adder barely misses the slime creature.
You swap places.
Your adder bites the slime creature.
The slime creature hits your adder!!
Your adder dies!
Your ball python bites the slime creature.
The slime creature hits your ball python!
Your ball python dies!
Your transformation has ended.
Your uncursed staff of poison {rPois} unmelds from your body.
The slime creature looks more healthy.
There is an open gate here.
You see here a club.
You see here a short sword.
You see here a short sword of electrocution.
You are feeling hungry.
The slime creature jiggles.
Unknown command.
There is a stone staircase leading up here.
You climb upwards.
There is a stone staircase leading down here.
You start resting.
HP restored.
Casting: Spider Form (safe; 5% risk of failure)
Confirm with . or Enter, or press ? or * to list all spells.
You feel a surge of power!
You turn into a venomous arachnid creature.
Your uncursed staff of poison {rPois} melds into your body.
You are feeling very hungry.
Warning, next level annotated: !centaur Enter next level anyway?
You climb downwards.
The slime creature hits you!!
There is a stone staircase leading up here.
You bite the slime creature!
The slime creature is lightly wounded.
The slime creature hits you! The slime creature hits you.
* * * LOW HITPOINT WARNING * * *
You climb upwards.
There is a stone staircase leading down here.
The slime creature hits you!
You die...

##########.....#.....
#....................
#.##.#####.....######
#.##.# #.....#.....
#.##.#####.....#.####
#.##.............# #
#.##.######..#####
#.>..######..# #
#..Js........########
#....................
#............#######.
##...######..........
#...# ##.#######.
#.#########.# #.
#.#.'.#.#.#.# ##.
#.###'#'#'#(# ##.#
#.#.'...'.#)# ##.##


You could see a slime creature.

Vanquished Creatures
  A wraith (Ossuary)
  An ice beast (D:5)
  An ogre (D:5)
  2 big kobolds (D:3)
  2 elf zombies
  An elf skeleton (D:4)
  A water moccasin skeleton (D:4)
  A howler monkey (D:4)
  3 jellies (D:5)
  A hound (D:4)
  An orc priest (D:4)
  3 human zombies
  5 orc wizards (D:4)
  3 worker ants
  3 mummies (Ossuary)
  3 gnolls (D:5)
  8 adders
  An ooze (D:5)
  An adder skeleton (D:5)
  2 worms (D:2)
  3 dart slugs
  9 orcs
  4 ball pythons
  8 bats
  5 giant cockroaches
  13 hobgoblins
  18 jackals
  32 kobolds
  8 quokkas
  2 frilled lizards
  13 goblins
  2 goblin zombies (Ossuary)
  A hobgoblin zombie (Ossuary)
  2 orc skeletons (D:4)
  9 rats
173 creatures vanquished.

Vanquished Creatures (collateral kills)
  A jelly (D:5)
1 creature vanquished.

Vanquished Creatures (others)
  7 fungi (D:5)
  7 toadstools (D:5)
14 creatures vanquished.

Grand Total: 188 creatures vanquished

Notes
Turn   | Place    | Note
-------+----------+-------------------------------------------
     0 | D:1      | sankara the Octopode Transmuter began the quest for the Orb.
     0 | D:1      | Reached XP level 1. HP: 13/13 MP: 3/3
   308 | D:1      | Reached skill level 1 in Stealth
   311 | D:1      | Reached XP level 2. HP: 18/18 MP: 5/5
   322 | D:1      | Learned a level 2 spell: Sticks to Snakes
   761 | D:1      | Reached XP level 3. HP: 14/23 MP: 4/6
   762 | D:1      | Reached skill level 2 in Stealth
  1173 | D:1      | Learned a level 3 spell: Spider Form
  2014 | D:2      | Reached skill level 1 in Poison Magic
  2014 | D:2      | Reached XP level 4. HP: 23/28 MP: 5/7
  2603 | D:2      | Found an ancient bone altar of Kikubaaqudgha.
  2684 | D:2      | Reached skill level 3 in Stealth
  2684 | D:2      | Reached skill level 3 in Transmutations
  2948 | D:2      | Reached XP level 5. HP: 25/33 MP: 4/8
  2984 | D:2      | HP: 8/33 [poisoned by a worker ant]
  3257 | D:3      | Reached skill level 2 in Poison Magic
  3330 | D:3      | Reached skill level 4 in Unarmed Combat
  3695 | D:3      | Noticed a big kobold
  3702 | D:3      | Noticed a big kobold
  3706 | D:3      | Killed a big kobold
  3706 | D:3      | Reached skill level 4 in Stealth
  3706 | D:3      | Reached XP level 6. HP: 31/38 MP: 3/9
  3748 | D:3      | Reached skill level 3 in Poison Magic
  4346 | D:4      | Reached skill level 4 in Transmutations
  4346 | D:4      | Reached XP level 7. HP: 28/43 MP: 10/10
  4350 | D:4      | Found a sand-covered staircase.
  4361 | D:4      | Reached skill level 5 in Stealth
  4545 | Ossuary  | Entered an ossuary
  4545 | Ossuary  | Noticed a wraith
  4545 | Ossuary  | Noticed a wraith
  4545 | Ossuary  | Noticed a wraith
  4577 | Ossuary  | Reached skill level 4 in Poison Magic
  4763 | Ossuary  | Reached skill level 5 in Unarmed Combat
  5173 | Ossuary  | Noticed a wraith
  5196 | Ossuary  | HP: 9/43 [wraith (10)]
  5202 | Ossuary  | Killed a wraith
  5202 | Ossuary  | Reached skill level 6 in Stealth
  5322 | Ossuary  | Got a crude bronze ring
  5323 | Ossuary  | Identified the ring "Faqak" {Fire Int+3 SInv} (You found it in an ossuary)
  5497 | D:4      | Reached XP level 8. HP: 35/48 MP: 8/11
  5656 | D:4      | Reached skill level 5 in Transmutations
  6135 | D:4      | Reached skill level 7 in Stealth
  6407 | D:5      | Entered Level 5 of the Dungeon
  6827 | D:5      | Reached skill level 6 in Unarmed Combat
  7179 | D:5      | Reached skill level 5 in Poison Magic
  8119 | D:5      | HP: 11/48 [acid (7)]
  8122 | D:5      | HP: 3/48 [acid (6)]
  8377 | D:5      | Noticed a slime creature
  8378 | D:5      | Noticed a slime creature
  8581 | D:5      | HP: 10/48 [slime creature (6)]
  8584 | D:4      | Slain by a slime creature

Vault maps used:
D:1:      lemuel_arrival_tunnels
D:2:      marbit_many_paths
D:3:      cheibrodos_thug_alley
D:4:      first_ration, nicolae_ossuary_entry_catacombs
D:5:      cheibrodos_fertilizer
Ossuary:  ossuary_kennysheep_city_of_the_dead

Skill      XL: |  1  2  3  4  5  6  7  8 |
---------------+-------------------------+-----
Stealth        | 1 2 3 4 6 7 |  7.7
Poison Magic   | 1 2 3 4 5 |  5.2
Transmutations | 3 4 5 |  5.8
Unarmed Combat | 4 5 6 |  6.2
Fighting       | |  1.0
Dodging        | |  2.0
Spellcasting   | |  2.0

Action                   |  1- 3 |  4- 6 |  7- 9 || total
-------------------------+-------+-------+-------++-------
Melee: Unarmed           |    92 |   180 |   245 ||   517
       Constrict         |    26 |    18 |     4 ||    48
       Tentacles         |    19 |    14 |     3 ||    36
       Kick              |    10 |     3 |       ||    13
       Punch             |     2 |       |       ||     2
       Staff             |       |       |     4 ||     4
 Cast: Beastly Appendage |     8 |     6 |     1 ||    15
       Spider Form       |       |    18 |    33 ||    51
       Sticks to Snakes  |       |       |    11 ||    11
  Use: Scroll            |       |       |     4 ||     4
       Potion            |       |       |     4 ||     4
 Stab: Sleeping          |     7 |    15 |     8 ||    30
       Distracted        |       |     2 |       ||     2
  Eat: Chunk             |     3 |    10 |    11 ||    24
       Ration            |       |       |     2 ||     2
Armor: Skin              |     8 |     5 |     7 ||    20
Dodge: Dodged            |    52 |   114 |   157 ||   323

Table legend:
 A = Spawn XP
 B = Non-spawn XP
 C = Spawn XP percentage of total XP
 D = Spawn monster count
 E = Non-spawn monster count
 F = Spawn count percentage of total count
 G = Total turns spent on level
                    A         B        C        D         E        F      G
               +---------+---------+-------+---------+---------+-------+---------
         Total |       0 |    2110 |   0.0 |       0 |     174 |   0.0 |  8584
               +---------+---------+-------+---------+---------+-------+---------
           D:1 |       0 |      63 |   0.0 |       0 |      35 |   0.0 |  1847
           D:2 |       0 |     108 |   0.0 |       0 |      32 |   0.0 |  1392
           D:3 |       0 |     310 |   0.0 |       0 |      44 |   0.0 |   947
           D:4 |       0 |     729 |   0.0 |       0 |      30 |   0.0 |  1538
           D:5 |       0 |     493 |   0.0 |       0 |      24 |   0.0 |  1942
       Ossuary |       0 |     407 |   0.0 |       0 |       9 |   0.0 |   918
               +---------+---------+-------+---------+---------+-------+---------

Vault maps used:
D:1:      lemuel_arrival_tunnels
D:2:      marbit_many_paths
D:3:      cheibrodos_thug_alley
D:4:      first_ration, nicolae_ossuary_entry_catacombs
D:5:      cheibrodos_fertilizer
Ossuary:  ossuary_kennysheep_city_of_the_dead

Table legend:
 A = Turns spent in this place as a percentage of turns spent in the entire game.
 B = Non-inter-level travel turns spent in this place as a percentage of non-inter-level travel turns spent in the entire game.
 C = Inter-level travel turns spent in this place as a percentage of turns spent in this place.
 D = Turns resting spent in this place as a percentage of non-inter-level travel turns spent in this place.
 E = Turns spent auto-exploring this place as a percentage of non-inter-level travel turns spent in this place.
 F = Non-inter-level travel turns spent in this place divided by the number of levels of this place that you've seen.
                   A       B       C       D       E      F
               +-------+-------+-------+-------+-------+----------------------
         Total | 100.0 | 100.0 |   1.5 |  38.4 |  39.9 | 1408.7
       Dungeon |  89.3 |  89.1 |   1.7 |  37.5 |  41.3 | 1506.8
       Ossuary |  10.7 |  10.9 |   0.0 |  45.8 |  28.6 | 918.0
               +-------+-------+-------+-------+-------+----------------------

Table legend:
 A = Kills in this place as a percentage of kills in entire the game.
 B = Kills by you in this place as a percentage of kills by you in the entire game.
 C = Kills by friends in this place as a percentage of kills by friends in the entire game.
 D = Other kills in this place as a percentage of other kills in the entire game.
 E = Experience gained in this place as a percentage of experience gained in the entire game.
 F = Experience gained in this place divided by the number of levels of this place that you have seen.
                   A       B       C       D       E      F
               +-------+-------+-------+-------+-------+----------------------
         Total | 100.0 | 100.0 | 100.0 |   N/A | 100.0 | 351.7
       Dungeon |  94.8 |  94.8 | 100.0 |   N/A |  80.7 | 340.6
       Ossuary |   5.2 |   5.2 |   0.0 |   N/A |  19.3 | 407.0
               +-------+-------+-------+-------+-------+----------------------
